 Dungeon Crawl Stone Soup version 0.28-a0-8-g6e044cfa68 (webtiles) character file.

Game seed: 14610825270717837497

413726 Aviak the Warrior (level 21, 192/192 HPs)
             Began as a Demigod Conjurer on July 22, 2021.
             Quit the game on level 4 of the Vaults on July 22, 2022.
             The game lasted 03:06:38 (65276 turns).

Aviak the Warrior (Demigod Conjurer)               Turns: 65276, Time: 03:06:39

Health: 192/192    AC: 23    Str: 16    XL:     21   Next: 55%
Magic:  53/53      EV: 20    Int: 49    God:
Gold:   349        SH: 19    Dex: 22    Spells: 2/48 levels left

rFire   + + +      SeeInvis .   O - +0 staff of Battle
rCold   + . .      Faith    .   B - +0 kite shield {rF+}
rNeg    . . .      Spirit   .   v - +3 ring mail "Kisoneag" {rF+ MP+9 Dex+10}
rPois   +          Reflect  +   d - +2 helmet {Int+3}
rElec   .          Harm     .   G - scarf {rC+ rF+}
rCorr   .          Rampage  +   (no gloves)
Will    ++...                   W - +2 pair of boots {rampage}
Stlth   ++........              M - amulet of reflection
HPRegen 0.42/turn               Y - ring of Larphemo {rPois rF+ Int+6}
MPRegen 0.33/turn               A - +4 ring of protection

@: no status effects
A: high mp 1, forlorn, fire resistance 1, inability to read while threatened
}: 2/15 runes: decaying, gossamer
a: no special abilities


You were on level 4 of the Vaults.
You visited 7 branches of the dungeon, and saw 37 of its levels.
You visited the Abyss 1 time.
You visited 1 bazaar.
You also visited: Ossuary and Bailey.

You collected 4908 gold pieces.
You spent 4559 gold pieces at shops.

Inventory:

Hand Weapons
 b - a +9 eveningstar of holy wrath
 O - the +0 staff of Battle (weapon)
   (You acquired it on level 2 of the Orcish Mines)

   It enhances your conjuration magic.
   It summons a battlesphere in combat, with strength depending on Conjurations
   skill.
 Z - the +8 frozen axe "Frostbite" {freezing cloud, *Noise Fly rC+}
   (You took it off a tengu conjurer on level 10 of the Dungeon)

   It freezes those it strikes, dealing additional cold damage.
   It can also slow down cold-blooded creatures.
   It occasionally leaves clouds of freezing vapour upon striking a foe.
   It grants immunity to clouds of freezing vapour.
   rC:        It protects you from cold.
   Fly:       It grants you flight.
   *Noise:    It may make noises in combat.
Armour
 d - a +2 helmet of intelligence (worn)
 v - the +3 ring mail "Kisoneag" (worn) {rF+ MP+9 Dex+10}
   (You bought it in a shop on level 1 of the Elven Halls)

   Dex:       It affects your dexterity (+10).
   rF:        It protects you from fire.
   MP:        It affects your magic capacity (+9).
 B - a +0 kite shield of fire resistance (worn)
 D - the +3 salamander hide armour {Flames rF++ rC--}
   (You found it on level 1 of the Swamp)

   It surrounds you with a cloud of flames.
   It grants immunity to clouds of flame.
   It enhances your fire magic.
   rF:        It greatly protects you from fire.
   rC:        It makes you very vulnerable to cold.
 G - a scarf of resistance (worn)
 Q - a +2 robe of resistance
 W - a +2 pair of boots of rampaging (worn)
Jewellery
 A - a +4 ring of protection (right hand)
 F - a +6 ring of strength
 I - a +4 ring of slaying
 J - the ring "Paweros" {Fly rPois rF+ Dex-2}
   (You bought it in a shop on level 7 of the Dungeon)

   [ring of poison resistance]

   Dex:       It affects your dexterity (-2).
   rF:        It protects you from fire.
   rPois:     It protects you from poison.
   Fly:       It grants you flight.
 M - an amulet of reflection (around neck)
 N - a +4 ring of evasion
 Y - the ring of Larphemo (left hand) {rPois rF+ Int+6}
   (You took it off a tengu conjurer on level 10 of the Dungeon)

   [ring of intelligence]

   Int:       It affects your intelligence (+6).
   rF:        It protects you from fire.
   rPois:     It protects you from poison.
Wands
 p - a wand of mindburst (13)
 q - a wand of flame (43)
 C - a wand of iceblast (14)
 P - a wand of acid (18)
 R - a wand of digging (23)
Scrolls
 i - 15 scrolls of identify
 n - 5 scrolls of brand weapon
 s - a scroll of enchant weapon
 t - 7 scrolls of teleportation
 w - 7 scrolls of fog
 x - 4 scrolls of enchant armour
 y - 7 scrolls of fear
 z - 3 scrolls of holy word
 E - 5 scrolls of amnesia
 H - 7 scrolls of magic mapping
 L - 4 scrolls of torment {!r}
 U - 6 scrolls of blinking
Potions
 a - 9 potions of flight
 c - 12 potions of curing
 f - 6 potions of haste
 h - 4 potions of heal wounds
 j - 4 potions of might
 k - 2 potions of berserk rage
 l - 5 potions of cancellation
 m - 8 potions of invisibility
 o - 2 potions of resistance
 r - 8 potions of attraction
 u - 3 potions of magic
 K - 5 potions of brilliance
 S - 3 potions of mutation {!q}
 T - a potion of ambrosia
Miscellaneous
 e - a phantom mirror
 g - a condenser vane
 V - a lightning rod (4/4)
 X - a piece from Xom's chessboard (15/15)


   Skills:
 - Level 17.4 Fighting
 + Level 7.2 Maces & Flails
 - Level 17.0 Armour
 - Level 12.3 Dodging
 - Level 1.7 Stealth
 - Level 15.0 Shields
 - Level 14.0 Spellcasting
 - Level 11.0 Conjurations
 - Level 3.0 Hexes
 - Level 2.0 Summonings
 + Level 0.0 Necromancy
 - Level 2.0 Translocations
 - Level 4.0 Fire Magic
 - Level 4.0 Ice Magic
 - Level 4.0 Air Magic
 * Level 8.7 Earth Magic
 - Level 8.0 Evocations


You had 2 spell levels left.
You knew the following spells:

 Your Spells              Type           Power      Damage    Failure   Level
a - Magic Dart            Conj           100%       1d8       0%          1
b - Searing Ray           Conj           100%       3d7       0%          2
c - Dazzling Flash        Conj/Hex       100%       N/A       1%          3
d - Fulminant Prism       Conj/Hex       50%        3d23      1%          4
e - Iskenderun's Mystic   Conj/Tloc      98%        2d19      1%          4
f - Freezing Cloud        Conj/Ice/Air   49%        6-21      1%          5
g - Airstrike             Air            32%        N/A       1%          4
h - Borgnjor's Vile Clut  Necr/Erth      33%        N/A       4%          5
i - Shatter               Erth           44%        3d34*     100%        9
q - Bolt of Magma         Conj/Fire/Erth 53%        4d21      1%          5
r - Summon Lightning Spi  Summ/Air       59%        N/A       2%          4

Your spell library contained the following spells:

 Spells                   Type           Power      Damage    Failure   Level
 Animate Skeleton         Necr           68%        N/A       1%          1
 Apportation              Tloc           100%       N/A       1%          1
 Pain                     Necr           100%       1d9       1%          1
 Shock                    Conj/Air       100%       1d9       1%          1
 Poisonous Vapours        Pois/Air       100%       N/A       1%          2
 Gell's Gravitas          Tloc           26%        N/A       1%          3
 Lesser Beckoning         Tloc           26%        N/A       1%          3
 Mephitic Cloud           Conj/Pois/Air  90%        N/A       1%          3
 Stone Arrow              Conj/Erth      100%       3d13      1%          3
 Swiftness                Air            65%        N/A       1%          3
 Teleport Other           Tloc           52%        N/A       1%          3
 Lee's Rapid Deconstruct  Erth           44%        3d22*     1%          5
 Lightning Bolt           Conj/Air       52%        1d73      1%          5
 Vampiric Draining        Necr           17%        2d8       2%          3
 Passage of Golubria      Tloc           N/A        N/A       4%          4
 Silence                  Hex/Air        31%        N/A       6%          5
 Conjure Ball Lightning   Conj/Air       52%        3x3d18    7%          6
 Animate Dead             Necr           17%        N/A       10%         4
 Agony                    Necr           34%        N/A       26%         5
 Alistair's Intoxication  Tmut/Pois      22%        N/A       26%         5
 Excruciating Wounds      Necr           17%        N/A       26%         5
 Invisibility             Hex            29%        N/A       38%         6
 Lehudib's Crystal Spear  Conj/Erth      57%        10d13     73%         8
 Death Channel            Necr           17%        N/A       82%         6
 Discord                  Hex            29%        N/A       100%        8
 Disjunction              Tloc           26%        N/A       100%        8
 Chain Lightning          Conj/Air       52%        3d69      100%        9
 Fire Storm               Conj/Fire      52%        8d13      100%        9


Dungeon Overview and Level Annotations

Branches:
Dungeon (15/15)            Temple (0/1) D:5            Lair (6/6) D:10
  Swamp (4/4) Lair:4       Spider (4/4) Lair:3        Slime (0/5) Lair:6
    Orc (2/2) D:9             Elf (2/3) Orc:2        Vaults (4/5) D:13
  Crypt (0/3) Vaults:3     Depths (0/5) D:15        Ossuary (visited)
 Bailey (visited)

Shops:
D:7 *   D:9 [(   D:11 *   D:14 *   Orc:1 (   Orc:2 ?*([   Elf:1 *   Elf:2 !
Vaults:1 *   Vaults:4 =

Portals:
Trove: D:15 (give 4 potions of resistance)

Annotations:
Vaults:1 6 runed translucent doors
Vaults:3 2 transporters, exclusion: obsidian statue


Innate Abilities, Weirdness & Mutations

Your attributes grow dramatically as you level up.
You have an increased reservoir of magic. (+10% MP)
You shall have no god before yourself.
Your flesh is heat resistant. (rF+)
You sometimes lose the ability to read scrolls when taking damage.


Message History

You open the door.
There is an open door here.
You now have 349 gold pieces (gained 36).
There is an open door here.
There is an open door, spattered with blood here.
You open the door.
There is an open door here.
There is an open door here.
There is an open door here.
Things that are here:
a +0 dagger; a +1 robe of fire resistance Key pressed, stopping explore.
You see here a +4 ring of protection.
There is an open door here.
There is an open door here.
You see here a +0 shortbow.
There is an open door here.
Things that are here:
a +0 vampiric glaive {!w}; a +0 plate armour You open the door.
Found a stone staircase leading down.
There is an open door here.
There is an open door here.
You open the door.
There is an open door here.
You pick up a book of Unlife and begin reading...
You add the spells Animate Dead, Borgnjor's Vile Clutch and Death Channel to your library.
There is an open door here.
Partly explored, can't reach some items.
Partly explored, can't reach some items.
Partly explored, can't reach some items.
This spell is mildly dangerous to cast.
Memorise Borgnjor's Vile Clutch, consuming 5 spell levels and leaving 2?
You start memorising the spell.
You continue memorising. x5
You finish memorising.
Spell assigned to 'h'.
Okay, then.
Saving game... please wait.
Welcome back, Aviak the Demigod Conjurer.
Press ? for a list of commands and other information.
Are you sure you want to abandon this character and quit the game? (Confirm with "yes".)

#..##.#)#)#)#.##..#
'..#.#.#.#)#.#.#..#
#..##.#.).))#)##..#
'..#.#.......#.#..#
'..#..#.....#..#..#
#..#.#.......#.#..#
...##.#.....#.##..#
...#.#.#.#.#.#.#..#
...##.#.#.#.#.##@.#
...'.#.#...#.#.#..#
...#############..#
..................#
..................#
..................#
..................#
..................#
#####..########...#


There were no monsters in sight!

Vanquished Creatures
  Frederick (Vaults:4)
  the Lernaean hydra (Swamp:4)
  Arachne (Spider:2)
  The ghost of Fexid the Cryomancer, an adept DrIE of Qazlal (Vaults:1)
  A lich (Vaults:3)
  Asterion (Spider:2)
  A deep elf blademaster (Elf:2)
  Kirke (Spider:1)
  The ghost of qborf the Brawler, an adept TrFi of Qazlal (Orc:2)
  2 tengu reavers
  The ghost of Manslay the Destroyer, an adept HuCj of Sif Muna (Swamp:1)
  Agnes (Spider:2)
  Donald (Spider:2)
  A fenstrider witch (Swamp:1)
  2 deep elf sorcerers
  17 vault wardens
  4 ghost moths
  15 ironbound preservers
  4 orc warlords
  4 emperor scorpions (Spider:4)
  3 ghouls (Swamp:2)
  5 very ugly things
  A stone giant (Vaults:3)
  A deep elf demonologist (Elf:2)
  5 spark wasps
  6 entropy weavers
  5 dire elephants
  6 bunyips
  Azrael (Spider:1)
  2 deep elf annihilators
  3 eleionomae
  A fire dragon (Lair:6)
  3 crystal guardians
  3 ettins
  3 great orbs of eyes
  6 ironbound thunderhulks
  The ghost of totalnoob the Nimble, a journeyman FeBe of Trog (Orc:2)
  8 yaktaur captains
  A shambling mangrove (Swamp:3)
  9 boulder beetles
  A deep elf high priest (Elf:1)
  An ice dragon (D:13)
  2 peacekeepers
  4 catoblepae
  3 ghost crabs
  18 vault guards
  37 hydras
  3 ogre magi
  7 ironbound frosthearts
  27 centaur warriors
  6 two-headed ogres
  20 dancing weapons
  2 death knights
  10 death yaks
  2 tengu warriors
  9 ironbound beastmasters
  10 alligators
  2 orc high priests
  7 spriggans
  7 skeletal warriors
  19 deep elf knights
  2 goliath frogs (Swamp:2)
  A swamp dragon (shapeshifter) (Vaults:1)
  42 deep trolls
  4 spriggan druids
  3 glowing orange brains
  5 bog bodies
  13 swamp dragons
  A tengu zombie (Vaults:1)
  9 wizards
  6 deep elf archers
  3 harpies (Vaults:3)
  10 lindwurms
  An oklob plant (Lair:5)
  A phantasmal warrior (D:15)
  18 deep elf zephyrmancers
  18 orb spiders
  11 ironbound convokers
  28 deep elf pyromancers
  21 wolf spiders
  8 orc knights
  A stone giant zombie (Vaults:3)
  28 ugly things
  3 necromancers
  8 cyclopes
  5 orc sorcerers
  A shining eye (Abyss:2)
  2 moths of wrath
  A salamander (shapeshifter) (D:13)
  2 manticores
  6 elephants
  An elephant (shapeshifter) (Elf:2)
  7 black mambas
  14 vault sentinels
  A smoke demon (Abyss:2)
  Maurice (D:10)
  2 torpor snails (Lair:5)
  6 gargoyles
  14 cane toads
  Maggie (D:8)
  2 unseen horrors
  2 freezing wraiths
  Psyche (D:8)
  A tormentor (Abyss:2)
  16 demonic crawlers
  2 efreet (D:15)
  10 komodo dragons
  34 yaktaurs
  3 tengu conjurers
  7 rime drakes
  6 tyrant leeches
  10 polar bears
  3 bloated husks
  32 jumping spiders
  6 trolls
  17 hornets
  2 raiju (Lair:6)
  11 blink frogs
  A raiju (shapeshifter) (D:15)
  9 dream sheep
  An ettin zombie (Vaults:1)
  71 slime creatures
  An air elemental (Elf:1)
  An ettin skeleton (Vaults:1)
  2 centaur simulacra (D:15)
  Sigmund (D:5)
  63 redbacks
  3 wraiths
  6 wyverns
  37 yaks
  27 tarantellas
  A water elemental (Elf:2)
  Eustachio (D:5)
  A yak (shapeshifter) (D:13)
  A hog (shapeshifter) (D:14)
  7 basilisks
  4 fire elementals
  A steam dragon (Lair:6)
  A hog (Spider:1)
  7 vampire mosquitoes (D:14)
  A neqoxec (Abyss:2)
  17 swamp worms
  10 wargs
  An ogre zombie (Vaults:3)
  9 water moccasins
  2 acid dragons
  2 floating eyes (shapeshifter)
  17 hell hounds
  13 black bears
  11 swamp drakes
  54 orc warriors
  A sky beast (D:8)
  2 ice beasts
  2 necrophages
  7 boggarts
  5 ogres
  35 wolves
  23 centaurs
  A phantom (D:5)
  2 kobold brigands
  6 earth elementals
  11 bullfrogs
  2 human skeletons (Vaults:3)
  8 scorpions
  7 killer bees
  8 wights
  11 electric eels
  2 howler monkeys (D:10)
  A crimson imp (Spider:1)
  5 centaur zombies
  A jelly (D:4)
  21 orc priests
  2 human zombies (Ossuary)
  A gnoll shaman (D:9)
  A hound (D:5)
  3 iguanas
  6 scorpion zombies
  32 orc wizards
  A killer bee zombie (D:7)
  3 mummies (Ossuary)
  Robin (D:3)
  2 howler monkey zombies
  7 gnolls
  6 adders
  A shadow imp (D:7)
  2 white imps
  An ufetubus (D:6)
  An adder zombie (D:5)
  3 worms
  5 dart slugs
  121 orcs
  5 bats
  7 endoplasms
  A gnoll zombie (Ossuary)
  19 goblins
  9 hobgoblins
  13 jackals
  5 quokkas
  10 ball pythons
  3 frilled lizards
  2 goblin zombies (Ossuary)
  2 hobgoblin zombies (Ossuary)
  9 kobolds
  2 kobold zombies (Ossuary)
  An orc zombie (Ossuary)
  A quokka skeleton (D:4)
  6 rats
  A lurking horror (Abyss:2)
1645 creatures vanquished.

Vanquished Creatures (collateral kills)
  A dire elephant (Vaults:2)
  3 ironbound frosthearts (Vaults:2)
  An ironbound beastmaster (Vaults:2)
  2 deep trolls (Vaults:2)
  A slime creature (Vaults:2)
8 creatures vanquished.

Vanquished Creatures (others)
  A dread lich (Vaults:3)
  A hydra (Lair:6)
  A bloated husk (Swamp:1)
  A redback (Spider:1)
  3 humans (Spider:1)
  A swamp worm (Swamp:2)
  A bush (D:9)
  159 fulminant prisms
  34 fungi
  A lurking horror (Abyss:2)
  89 plants
292 creatures vanquished.

Grand Total: 1945 creatures vanquished

Notes
Turn   | Place    | Note
-------+----------+-------------------------------------------
     0 | D:1      | Aviak the Demigod Conjurer began the quest for the Orb.
     0 | D:1      | Reached XP level 1. HP: 14/14 MP: 5/5
   313 | D:1      | Reached XP level 2. HP: 20/20 MP: 5/7
   388 | D:1      | Learned a level 2 spell: Searing Ray
  1169 | D:2      | Reached XP level 3. HP: 26/26 MP: 2/9
  1173 | D:2      | Learned a level 3 spell: Dazzling Flash
  2465 | D:3      | Noticed a scorpion
  2477 | D:3      | Killed a scorpion
  2478 | D:3      | Reached skill level 1 in Fighting
  2478 | D:3      | Reached XP level 4. HP: 24/35 MP: 0/11
  3009 | D:3      | Noticed Robin
  3033 | D:3      | Killed Robin
  3034 | D:3      | Reached XP level 5. HP: 33/40 MP: 1/12
  3399 | D:4      | Noticed a necrophage
  3405 | D:4      | Killed a necrophage
  3406 | D:4      | Reached skill level 1 in Shields
  3421 | D:4      | Found a sand-covered staircase.
  3428 | Ossuary  | Entered an ossuary
  3444 | Ossuary  | Reached skill level 5 in Conjurations
  3458 | Ossuary  | Reached XP level 6. HP: 35/47 MP: 5/14
  3764 | Ossuary  | Reached XP level 7. HP: 47/52 MP: 9/16
  4832 | D:4      | Learned a level 4 spell: Fulminant Prism
  4888 | D:5      | Entered Level 5 of the Dungeon
  4946 | D:4      | Reached skill level 5 in Spellcasting
  5007 | D:5      | Reached skill level 1 in Hexes
  5205 | D:5      | Reached XP level 8. HP: 52/62 MP: 14/19
  5419 | D:5      | Noticed Sigmund
  5425 | D:5      | Killed Sigmund
  5437 | D:5      | Learned a level 4 spell: Iskenderun's Mystic Blast
  5489 | D:5      | Noticed Eustachio
  5499 | D:5      | Killed Eustachio
  5500 | D:5      | Reached skill level 1 in Translocations
  5695 | D:5      | Found a staircase to the Ecumenical Temple.
  6894 | D:7      | Reached skill level 5 in Fighting
  7073 | D:7      | Reached XP level 9. HP: 74/74 MP: 14/20
  7134 | D:7      | Found Vimegiur's Assorted Antiques.
  7142 | D:7      | Bought a scroll labelled UDIUTU BOMUI for 23 gold pieces
  7142 | D:7      | Bought a bound golden ring for 115 gold pieces
  7142 | D:7      | Identified the ring "Paweros" {Fly rPois rF+ Dex-2} (You
                  | bought it in a shop on level 7 of the Dungeon)
  7142 | D:7      | Bought a glowing silvery potion for 20 gold pieces
  7142 | D:7      | Bought a scroll of teleportation for 69 gold pieces
  7142 | D:7      | Bought a scroll labelled IZAWIU BAONOTH for 23 gold pieces
  7142 | D:7      | Bought a scroll of identify for 46 gold pieces
  7142 | D:7      | Bought 2 viscous amethyst potions for 41 gold pieces
  7145 | D:7      | Identified a scroll of acquirement
  7147 | D:7      | Acquired a staff of conjuration
  7706 | D:8      | Noticed Psyche
  7715 | D:8      | Killed Psyche
  7810 | D:8      | Noticed a cyclops
  8145 | D:8      | Killed a cyclops
  8284 | D:8      | Noticed a two-headed ogre
  8303 | D:8      | Killed a two-headed ogre
  8552 | D:8      | Reached XP level 10. HP: 86/86 MP: 21/21
  8780 | D:8      | Reached skill level 1 in Evocations
  9069 | D:8      | Noticed Maggie
  9075 | D:8      | Killed Maggie
  9510 | D:9      | Found Gerad's Weapon Shop.
  9510 | D:9      | Found a staircase to the Orcish Mines.
  9511 | D:9      | Found Celedw Fixo's Armour Shop.
 10158 | D:10     | Entered Level 10 of the Dungeon
 10312 | D:10     | Noticed a death knight
 10315 | D:10     | Noticed Maurice
 10336 | D:10     | Killed a death knight
 10336 | D:10     | Killed Maurice
 10337 | D:10     | Reached skill level 5 in Dodging
 10375 | D:10     | Noticed a green ugly thing
 10388 | D:10     | Killed a green ugly thing
 10389 | D:10     | Reached XP level 11. HP: 47/97 MP: 0/22
 10413 | D:10     | Noticed a six-headed hydra
 10575 | D:9      | Noticed an ogre mage
 10576 | D:9      | Noticed a deep elf pyromancer
 10576 | D:9      | Noticed a deep elf pyromancer
 10578 | D:9      | Noticed a deep troll
 10581 | D:9      | Reached skill level 5 in Evocations
 10581 | D:9      | Noticed a deep troll
 10584 | D:9      | Killed a deep troll
 10584 | D:9      | Killed a deep elf pyromancer
 10584 | D:9      | Killed a deep elf pyromancer
 10922 | D:9      | Acquired a +2 pair of boots of rampaging
 11038 | D:9      | Noticed a tengu warrior
 11049 | D:9      | Killed a tengu warrior
 11388 | D:9      | Killed an ogre mage
 11700 | D:10     | Reached skill level 10 in Fighting
 11700 | D:10     | Identified the ring of Larphemo {rPois rF+ Int+6}
 12116 | D:10     | Killed a six-headed hydra
 12701 | D:10     | Found a staircase to the Lair.
 12803 | D:10     | Identified the +8 mace "Impiqaadgh" {protect, Will++
                  | Stlth+}
 12803 | D:10     | Noticed an ogre mage
 12821 | D:10     | Killed an ogre mage
 13341 | D:7      | Bought a condenser vane for 920 gold pieces
 13590 | Lair:1   | Entered Level 1 of the Lair of Beasts
 13827 | Lair:1   | Reached XP level 12. HP: 107/107 MP: 11/23
 14127 | Lair:1   | Noticed a seven-headed hydra
 14140 | Lair:1   | Killed a seven-headed hydra
 14496 | Lair:1   | You fall into a shaft and drop 1 floor!
 15259 | Lair:2   | Noticed a four-headed hydra
 15312 | Lair:2   | Killed a four-headed hydra
 16035 | Lair:3   | Found a hole to the Spider Nest.
 17203 | Lair:4   | Noticed a catoblepas
 17220 | Lair:4   | Killed a catoblepas
 17377 | Lair:4   | Learned a level 5 spell: Freezing Cloud
 17402 | Lair:4   | Noticed a catoblepas
 17415 | Lair:4   | Killed a catoblepas
 17553 | Lair:4   | Reached skill level 1 in Air Magic
 17554 | Lair:4   | Reached skill level 1 in Ice Magic
 18273 | Lair:4   | Reached XP level 13. HP: 117/117 MP: 3/26
 18426 | Lair:4   | Found a staircase to the Swamp.
 20071 | Lair:5   | Reached skill level 10 in Dodging
 20562 | Lair:6   | Entered Level 6 of the Lair of Beasts
 23198 | Lair:6   | Found a staircase to the Slime Pits.
 23487 | Lair:6   | Reached XP level 14. HP: 129/129 MP: 5/27
 25518 | Orc:1    | Entered Level 1 of the Orcish Mines
 26576 | Orc:1    | Found Zingagha's Weapon Shoppe.
 26831 | Orc:2    | Entered Level 2 of the Orcish Mines
 26831 | Orc:2    | Found a runed translucent gate.
 26831 | Orc:2    | Found a runed translucent gate.
 26831 | Orc:2    | Found a runed translucent gate.
 26831 | Orc:2    | Noticed totalnoob's ghost (journeyman FeBe)
 26831 | Orc:2    | Noticed qborf's ghost (adept TrFi)
 26841 | Orc:2    | Found a staircase to the Elven Halls.
 28061 | Orc:2    | Noticed an orc warlord
 28078 | Orc:2    | Killed an orc warlord
 28079 | Orc:2    | Reached skill level 5 in Shields
 28306 | Orc:2    | Found Iheumm's Antique Armour Emporium.
 28308 | Orc:2    | Found Ezataoph's Antique Weapon Shoppe.
 28321 | Orc:2    | Bought a warped leather armour for 231 gold pieces
 28321 | Orc:2    | Identified the +1 leather armour of a ziggurat {rPois
                  | Will+} (You bought it in a shop on level 2 of the Orcish
                  | Mines)
 28414 | Orc:2    | Found Sesumis's General Store.
 28612 | Orc:2    | Bought a potion of curing for 36 gold pieces
 28612 | Orc:2    | Bought a scroll of identify for 24 gold pieces
 28612 | Orc:2    | Bought a scroll of brand weapon for 240 gold pieces
 28845 | Orc:2    | Found Unuleosi's Magic Scroll Boutique.
 28863 | Orc:2    | Bought a scroll of acquirement for 676 gold pieces
 28863 | Orc:2    | Acquired the +0 staff of Battle
 28864 | Orc:2    | Found the +0 staff of Battle
 28940 | Orc:2    | Killed totalnoob's ghost
 28945 | Orc:2    | Killed qborf's ghost
 29244 | Orc:2    | Bought a scroll of blinking for 97 gold pieces
 29244 | Orc:2    | Bought a scroll of identify for 26 gold pieces
 29335 | D:11     | Found Yneh's General Store.
 31392 | D:13     | Reached skill level 10 in Conjurations
 31411 | D:13     | Reached XP level 15. HP: 138/138 MP: 1/31
 31412 | D:13     | Upgraded the game from 0.28-a0-2-g643f2454ad to
                  | 0.28-a0-8-g6e044cfa68
 31874 | D:13     | Found a flagged portal.
 31885 | Bailey   | Entered a bailey
 32472 | Bailey   | Reached XP level 16. HP: 146/146 MP: 31/33
 32911 | D:13     | Found a gate to the Vaults.
 34018 | D:14     | Reached skill level 5 in Armour
 34240 | D:14     | Found Zunninol's Assorted Antiques.
 34248 | D:14     | Bought a fizzy inky potion for 25 gold pieces
 34509 | D:14     | Identified the +7 spear of Mutilation {elec, Fragile rPois
                  | rF+ Will+}
 35473 | D:15     | Entered Level 15 of the Dungeon
 35482 | D:15     | Reached skill level 10 in Shields
 36539 | D:15     | Found a staircase to the Depths.
 36781 | D:15     | Found a portal to a secret trove of treasure.
 37069 | Swamp:1  | Entered Level 1 of the Swamp
 37130 | Swamp:1  | Reached skill level 10 in Armour
 37610 | Swamp:1  | Found a runed translucent door.
 37615 | Swamp:1  | Found the +3 salamander hide armour {Flames rF++ rC--}
 37616 | Swamp:1  | Noticed Manslay's ghost (adept HuCj)
 37623 | Swamp:1  | Identified the +4 spear "Siun" {vorpal, Will+ rCorr SInv}
 37653 | Swamp:1  | Killed Manslay's ghost
 37654 | Swamp:1  | Reached XP level 17. HP: 82/152 MP: 9/35
 40434 | Swamp:4  | Entered Level 4 of the Swamp
 41601 | Swamp:4  | Noticed the 27-headed Lernaean hydra
 41754 | Swamp:4  | Killed the 27-headed Lernaean hydra
 42018 | Swamp:4  | Got a decaying rune of Zot
 42195 | Spider:1 | Entered Level 1 of the Spider Nest
 42240 | Spider:1 | Reached skill level 15 in Shields
 42241 | Spider:1 | Noticed Azrael
 42605 | Spider:1 | Killed Azrael
 42912 | Spider:1 | Noticed Kirke
 42917 | Spider:1 | Killed Kirke
 43034 | Spider:1 | Identified the +3 ring mail "Jec Liwu" {Dex+7}
 43397 | Spider:1 | Reached XP level 18. HP: 160/160 MP: 23/36
 43602 | Spider:2 | Noticed Arachne
 43764 | Spider:2 | Noticed Donald
 43773 | Spider:2 | Killed Donald
 44172 | Spider:2 | Killed Arachne
 44895 | Spider:2 | Noticed Asterion
 44903 | Spider:2 | Killed Asterion
 44904 | Spider:2 | Reached skill level 15 in Armour
 46535 | Spider:3 | Noticed Agnes
 46540 | Spider:2 | Killed Agnes
 47264 | Spider:4 | Entered Level 4 of the Spider Nest
 49038 | Spider:4 | Reached skill level 1 in Maces & Flails
 49214 | Spider:4 | Got a gossamer rune of Zot
 49325 | Spider:4 | Learned a level 4 spell: Airstrike
 49584 | Elf:1    | Entered Level 1 of the Elven Halls
 49723 | Elf:1    | Identified the +0 robe of Grace {rPois rF++ Dex-3 SInv}
 50097 | Elf:1    | Cast into level 2 of the Abyss (a deep elf sorcerer)
 50155 | Abyss:2  | Gained mutation: You are dopey. (Int -2) [a shining eye]
 50157 | Abyss:2  | Gained mutation: You sometimes lose the ability to read
                  | scrolls when taking damage. [a shining eye]
 50185 | Elf:1    | Escaped the Abyss
 50614 | Elf:1    | Paralysed by an air elemental for 1 turns
 50749 | Elf:1    | Found Ceuff's Assorted Antiques.
 50763 | Elf:1    | Bought a potion of mutation for 280 gold pieces
 50763 | Elf:1    | Bought an ancient ring mail for 315 gold pieces
 50763 | Elf:1    | Identified the +3 ring mail "Kisoneag" {rF+ MP+9 Dex+10}
                  | (You bought it in a shop on level 1 of the Elven Halls)
 50763 | Elf:1    | Bought a glowing hat for 245 gold pieces
 50957 | Elf:1    | Reached XP level 19. HP: 167/167 MP: 38/38
 51345 | Elf:1    | Reached skill level 10 in Spellcasting
 51773 | Elf:1    | Lost mutation: You sometimes lose the ability to read
                  | scrolls when taking damage. [potion of mutation]
 51773 | Elf:1    | Gained mutation: You have a pair of small antennae on your
                  | head. [potion of mutation]
 51773 | Elf:1    | Gained mutation: Your muscles are strong. (Str +2) [potion
                  | of mutation]
 51774 | Elf:1    | Lost mutation: You are dopey. (Int -2) [potion of mutation]
 51774 | Elf:1    | Lost mutation: Your muscles are strong. (Str +2) [potion of
                  | mutation]
 51774 | Elf:1    | Gained mutation: You have large cloven feet. [potion of
                  | mutation]
 51878 | Elf:2    | Found Noebeur's Distillery.
 51979 | Elf:2    | Bought a potion of curing for 42 gold pieces
 51979 | Elf:2    | Bought a potion of haste for 140 gold pieces
 51979 | Elf:2    | Bought a potion of curing for 42 gold pieces
 51979 | Elf:2    | Bought a potion of resistance for 140 gold pieces
 53160 | Elf:2    | Found a huge runed translucent gate.
 53160 | Elf:2    | Found a huge runed translucent gate.
 53160 | Elf:2    | Found a huge runed translucent gate.
 53160 | Elf:2    | Found a huge runed translucent gate.
 53166 | Elf:2    | Found a huge runed translucent gate.
 53566 | Elf:2    | Reached skill level 15 in Fighting
 54196 | D:11     | Bought a scroll of blinking for 120 gold pieces
 54196 | D:11     | Bought 16 sling bullets for 128 gold pieces
 54196 | D:11     | Bought a scroll of teleportation for 48 gold pieces
 54247 | Vaults:1 | Entered Level 1 of the Vaults
 54849 | Vaults:1 | Found Toff's Assorted Antiques.
 54896 | Vaults:1 | Lost mutation: You have a pair of small antennae on your
                  | head. [potion of mutation]
 54896 | Vaults:1 | Lost mutation: You have large cloven feet. [potion of
                  | mutation]
 54896 | Vaults:1 | Gained mutation: You sometimes lose the ability to read
                  | scrolls when taking damage. [potion of mutation]
 54896 | Vaults:1 | Gained mutation: Your flesh is heat resistant. (rF+)
                  | [potion of mutation]
 55502 | Vaults:1 | Reached XP level 20. HP: 180/180 MP: 36/42
 56042 | Vaults:1 | Found a large runed translucent door.
 56042 | Vaults:1 | Found a large runed translucent door.
 56042 | Vaults:1 | Found a large runed translucent door.
 56042 | Vaults:1 | Found a large runed translucent door.
 56043 | Vaults:1 | Found a large runed translucent door.
 56043 | Vaults:1 | Found a large runed translucent door.
 56043 | Vaults:1 | Found a large runed translucent door.
 56043 | Vaults:1 | Found a large runed translucent door.
 56043 | Vaults:1 | Noticed Fexid's ghost (adept DrIE)
 56075 | Vaults:1 | Killed Fexid's ghost
 58069 | Vaults:2 | Learned a level 4 spell: Summon Lightning Spire
 58859 | Vaults:2 | Reached skill level 1 in Summonings
 60167 | Vaults:3 | Found a flickering gateway to a bazaar.
 60277 | Bazaar   | Entered a bazaar
 60277 | Bazaar   | Found Ifaikehe's Antique Weapon Boutique.
 60277 | Bazaar   | Found Qidaerch's Weapon Boutique.
 60352 | Bazaar   | Found Niniaf's General Store.
 60353 | Bazaar   | Found Yssimn's Assorted Antiques.
 60356 | Bazaar   | Found Eceob's Magic Scroll Boutique.
 60374 | Bazaar   | Found Laijext's Jewellery Shoppe.
 60405 | Bazaar   | Bought a book of the Earth for 320 gold pieces
 60427 | Bazaar   | Bought a scroll of blinking for 127 gold pieces
 60451 | Vaults:3 | Found a transporter.
 60459 | Vaults:3 | Noticed a dread lich
 60460 | Vaults:3 | Learned a level 5 spell: Bolt of Magma
 60470 | Vaults:3 | Learned a level 9 spell: Shatter
 60478 | Vaults:3 | Found a transporter.
 60587 | Vaults:3 | Reached skill level 1 in Earth Magic
 60673 | Vaults:3 | Reached skill level 1 in Fire Magic
 60697 | Vaults:3 | Acquired a +4 eveningstar of holy wrath
 61338 | Vaults:3 | Found a staircase to the Crypt.
 61507 | Vaults:3 | Reached XP level 21. HP: 192/192 MP: 42/44
 61626 | Vaults:3 | Reached skill level 5 in Maces & Flails
 61648 | Vaults:3 | Paralysed by something for 6 turns
 61655 | Vaults:3 | Killed a dread lich
 61656 | Vaults:3 | Reached skill level 5 in Earth Magic
 63684 | Vaults:4 | Noticed Frederick
 63688 | Vaults:4 | Killed Frederick
 64584 | Vaults:4 | Found Ohiytwiu's Jewellery Emporium.
 65276 | Vaults:4 | Learned a level 5 spell: Borgnjor's Vile Clutch
 65276 | Vaults:4 | Quit the game

Illustrated notes

Levels and vault maps discovered:
D:1:      wheals_arrival_linesprint, layout_rooms,
          dreamdust_ecumenical_altar_grove, ebering_dispersal_statue_hall
D:2:      layout_basic, columned_hall_lemuel, minmay_tetromino_t2
D:3:      layout_basic, mainiacjoe_overflow_24_doors, minmay_pentomino_pile,
          uniq_robin
D:4:      layout_basic, kennysheep_little_box, nicolae_overflow_hidden_temple,
          portal_sewer_entry_d, nicolae_ossuary_entry_monument, minivault_5
D:5:      layout_cave_pools, minmay_temple_entry_nine_rooms, uniq_sigmund,
          uniq_eustachio
D:6:      layout_loops_ring
D:7:      layout_gridville, chequers_temple_overflow_statue_of_worship,
          serial_shops, nicolae_shop_competitors_out_of_business,
          serial_bayou_ford_a
D:8:      layout_basic, uniq_maggie, uniq_psyche
D:9:      minmay_klotski, layout_basic, orc_david_3,
          hangedman_decor_diamond_cutter
D:10:     minmay_the_grid_octo_triangle [minmay_the_grid_octo_checkerflower,
          minmay_the_grid_octo_prize_single_spiral,
          minmay_the_grid_octo_odd_swirl], layout_basic, grunt_dithmenos_smoke,
          lair_entry_dummy, uniq_maurice
D:11:     layout_basic, serial_shops, nicolae_shop_behind_doors
D:12:     layout_irregular_city
D:13:     layout_rooms, erik_vaults_2, enter_bailey_5, minmay_shattered_shrine
D:14:     layout_stronghold, xom_redecorated, serial_shops,
          nicolae_shop_overgrown_old_shop, minmay_fountain_box
D:15:     hangedman_depths_entry_civil_slaughter, layout_irregular_city,
          enter_trove_3, minmay_misc_feat_more_columns
Lair:1:   layout_cellular_growth
Lair:2:   layout_chaotic_city, grunt_megastairs_2
Lair:3:   layout_loops_ring, spider_nest_entry_rubble, serial_bayou_shore_b
Lair:4:   layout_cellular_growth, minmay_swamp_entry_eels, st_stairs_13
Lair:5:   layout_gridlike, st_stairs_11, tgw_fedhas
Lair:6:   hangedman_lair_caniforms_friends, layout_hall_layers,
          guppyfry_lair_end_dragon, dpeg_slime_entry_enclosed_altar,
          lemuel_fruit_fields
Swamp:1:  layout_basic_swamp, ebering_ghost_funeral_grove,
          nicolae_swamp_little_tower, st_swamp_ruins_1
Swamp:2:  layout_falls_marsh, nicolae_swamp_stair_fork,
          infiniplex_staircase_pool
Swamp:3:  layout_basic_swamp, evilmike_swamp_ruin_house_2
Swamp:4:  swamp_old_school, layout_basic_swamp
Spider:1: layout_spider_delve, nicolae_crawler_farm, uniq_azrael, uniq_kirke
Spider:2: layout_spider_delve, nicolae_spider_bzzzt, uniq_donald, uniq_arachne,
          uniq_asterion
Spider:3: layout_spider_delve, uniq_agnes
Spider:4: spider_rune_water
Orc:1:    layout_diamond_mine, serial_shops, nicolae_diamond_shop
Orc:2:    grunt_orc_community_town_hall, layout_caves,
          grunt_orc_community_big_house_1, grunt_orc_community_big_house_2,
          grunt_orc_community_house_1, grunt_orc_community_house_2,
          grunt_orc_community_house_2, grunt_orc_community_house_1,
          gammafunk_ghost_cemetery
Elf:1:    layout_rooms, serial_shops, nicolae_shop_overgrown_old_shop,
          hangedman_elf_represent, palyth_stone_intersect,
          minmay_misc_feat_ornament, hangedman_elf_disciples
Elf:2:    elven_hall_of_blades_hangedman_alternative [grunt_blade_entry_basic],
          layout_geoelf_diagonals, serial_shops, shop, minivault_28
Vaults:1: advil_vaults_ghost_lines, nicolae_vaults_rhombus_5,
          ontoclasm_vaults_ring_square, nicolae_vaults_windows_and_doors_thing,
          vaults_dpeg_encased_lava, v_misc_4, hangedman_vaults_stream,
          hangedman_vaults_river_flow, v_misc_26, vaults_room_pools,
          v_pattern_4, ontoclasm_vaults_hangar, nicolae_vaults_little_squares_2,
          ontoclasm_vaults_loading_screen, layout_vaults_omnicross,
          serial_shops, nicolae_diamond_shop
Vaults:2: v_misc_16, vaults_mumra_minichess, hangedman_vaults_corner_blocks,
          st_spiral_rooms, ontoclasm_vaults_eye, ontoclasm_vaults_spin,
          nicolae_vaults_border_crossing, layout_vaults_omnigrid
Vaults:3: nicolae_vaults_network_barrier, v_misc_17,
          minmay_crypt_entry_nasty_monster, v_misc_8,
          nicolae_vaults_big_angled_halls, vaults_room_grid, v_misc_5,
          nicolae_vaults_big_angled_halls, nicolae_vaults_network_star,
          ontoclasm_vaults_ring_small, gammafunk_sealed_arena,
          grunt_vaults_hallway_short, v_misc_3, hangedman_vaults_cutoff,
          layout_vaults_maze_bifur, serial_shops, bzr_entry_islet
Vaults:4: nicolae_vaults_little_squares_2, vaults_room_fours, v_misc_2,
          vaults_room_ringed_pool, vaults_room_stairs_pillars, v_misc_29,
          vaults_standard_mumra_x, v_pattern_2, nicolae_vaults_alarming,
          ontoclasm_vaults_loading_screen, nicolae_vaults_circle_grid_b,
          grunt_vaults_focal, vaults_room_hallway, layout_vaults_chaotic_city,
          serial_shops, nicolae_shop_behind_doors, uniq_frederick

Skill      XL: |  1  2  3  4  5  6  7  8  9 10 11 12 13 14 15 16 17 18 19 20 21 |
---------------+----------------------------------------------------------------+-----
Dodging        | 2 5 7 9 11 12 | 12.3
Spellcasting   | 2 3 4 5 6 7 8 9 12 14 | 14.0
Conjurations   | 4 5 6 7 9 10 11 | 11.0
Fighting       | 1 2 5 7 9 10 11 13 14 16 17 | 17.4
Shields        | 1 2 4 6 8 12 15 | 15.0
Hexes          | 1 3 |  3.0
Translocations | 2 |  2.0
Evocations     | 4 7 8 |  8.0
Air Magic      | 2 4 |  4.0
Ice Magic      | 2 4 |  4.0
Armour         | 3 10 14 17 | 17.0
Maces & Flails | 4 7 |  7.2
Summonings     | 2 |  2.0
Earth Magic    | 4 8 |  8.7
Fire Magic     | 2 4 |  4.0
Stealth        | |  1.7

Action                   |  1- 3 |  4- 6 |  7- 9 | 10-12 | 13-15 | 16-18 | 19-21 || total
-------------------------+-------+-------+-------+-------+-------+-------+-------++-------
Melee: Dagger            |     6 |       |       |       |       |       |       ||     6
       Short sword       |       |    53 |   106 |    12 |       |       |       ||   171
       Mace              |       |       |       |     5 |   148 |    43 |    25 ||   221
       Staff             |       |       |       |       |    13 |    31 |     8 ||    52
       Eveningstar       |       |       |       |       |       |       |     3 ||     3
 Cast: Magic Dart        |    72 |    25 |    11 |    17 |   153 |   494 |   390 ||  1162
       Searing Ray       |     6 |    13 |    54 |   101 |    65 |    71 |   112 ||   422
       Fulminant Prism   |       |       |    17 |    94 |    41 |     2 |     5 ||   159
       Iskenderun's Myst |       |       |     1 |     7 |    38 |   109 |    92 ||   247
       Dazzling Flash    |       |       |       |     2 |     5 |       |       ||     7
       Freezing Cloud    |       |       |       |     1 |   138 |   147 |   107 ||   393
       Airstrike         |       |       |       |       |       |     2 |     1 ||     3
       Summon Lightning  |       |       |       |       |       |       |    12 ||    12
       Bolt of Magma     |       |       |       |       |       |       |    34 ||    34
Evoke: Wand              |       |       |     1 |     2 |    15 |    13 |     1 ||    32
       Lightning rod     |       |       |       |     7 |    16 |    29 |    12 ||    64
       Condenser vane    |       |       |       |     1 |     3 |     6 |     3 ||    13
  Use: Scroll            |       |     5 |     6 |    13 |     9 |     6 |    14 ||    53
       Potion            |       |       |       |       |     1 |     4 |    11 ||    16
 Stab: Sleeping          |       |       |     1 |       |       |       |       ||     1
       Paralysed         |       |       |       |       |     3 |       |       ||     3
Armor: Leather armour    |     1 |    28 |    31 |    42 |       |       |       ||   102
       Robe              |       |       |       |    21 |   104 |   309 |       ||   434
       Ring mail         |       |       |       |       |       |       |   104 ||   104
Dodge: Dodged            |    13 |    34 |   117 |   153 |   312 |   430 |   187 ||  1246
Block: Buckler           |       |    16 |    55 |    91 |   303 |    10 |       ||   475
       Reflection        |       |       |       |       |    11 |    46 |    91 ||   148
       Kite shield       |       |       |       |       |       |   549 |   375 ||   924

Table legend: (Time is in decaauts)
 A = Elapsed time spent in this place.
 B = Non-inter-level travel time spent in this place.
 C = Inter-level travel time spent in this place.
 D = Time resting spent in this place.
 E = Time spent auto-exploring this place.
 F = Levels seen in this place.
 G = Mean time per level.
                   A        B        C        D        E       F      G
               +--------+--------+--------+--------+--------+-----+--------+
         Total |  65765 |  63059 |   2706 |  18832 |  33994 |  41 | 1604.0 |
       Dungeon |  20888 |  19656 |   1232 |   3938 |  12960 |  15 | 1392.5 |
          Lair |  12389 |  11884 |    505 |   4839 |   5209 |   6 | 2064.8 |
         Swamp |   5347 |   5153 |    194 |   1317 |   3100 |   4 | 1336.8 |
   Spider Nest |   6937 |   6624 |    313 |   3571 |   1998 |   4 | 1734.2 |
  Orcish Mines |   3275 |   3088 |    187 |   1101 |   1188 |   2 | 1637.5 |
   Elven Halls |   4473 |   4364 |    109 |   1267 |   2516 |   2 | 2236.5 |
        Vaults |  10874 |  10711 |    163 |   2524 |   6479 |   4 | 2718.5 |
         Abyss |     87 |     87 |      0 |      0 |      0 |   1 |   87.0 |
        Bazaar |    159 |    159 |      0 |      0 |    116 |   1 |  159.0 |
       Ossuary |    475 |    475 |      0 |    135 |      0 |   1 |  475.0 |
        Bailey |    855 |    855 |      0 |    140 |    425 |   1 |  855.0 |
               +--------+--------+--------+--------+--------+-----+--------+

Top non-repeatable levels by time:
  Lair:6: 3325 daAuts
     D:9: 3151 daAuts
Vaults:2: 3080 daAuts
  Lair:5: 2924 daAuts
Vaults:1: 2730 daAuts
Vaults:3: 2674 daAuts
   Orc:2: 2498 daAuts
Vaults:4: 2389 daAuts
   Elf:2: 2349 daAuts
Spider:2: 2209 daAuts
Spider:1: 2125 daAuts
   Elf:1: 2124 daAuts
  Lair:4: 2079 daAuts
    D:10: 1934 daAuts
Spider:4: 1914 daAuts
